 Dungeon Crawl Stone Soup version 0.23.1 (webtiles) character file.

Game seed: 2574494387651859218

1811 Hasart the Magician (level 8, -2/41 HPs)
             Began as a Deep Elf Earth Elementalist on Mar 3, 2019.
             Was a Believer of Sif Muna.
             Slain by an orc warrior
             ... wielding a +0 mace
              (21 damage)
             ... on level 6 of the Dungeon.
             The game lasted 00:23:00 (5484 turns).

Hasart the Magician (Deep Elf Earth Elementalist)   Turns: 5484, Time: 00:23:04

Health: -2/41      AC:  7    Str:  5    XL:     8   Next: 84%
Magic:  3/21       EV: 17    Int: 23    God:    Sif Muna [**....]
Gold:   285        SH:  0    Dex: 15    Spells: 13/22 levels left

rFire    . . .     SeeInvis .   f - +3 quarterstaff (chaos)
rCold    . . .     Gourm    .   (shield currently unavailable)
rNeg     . . .     Faith    .   v - +1 leather armour {rPois}
rPois    +         Spirit   .   (no helmet)
rElec    .         Reflect  .   c - +1 cloak
rCorr    .         Harm     .   w - +0 pair of gloves
MR       .....     Rnd*Tele +   (no boots)
Stlth    ++........             n - amulet of magic regeneration
HPRegen  0.13/turn              z - ring of teleportation (curse)
MPRegen  0.42/turn              q - +3 ring of evasion

@: no status effects
A: no striking features
a: Divine Energy, Renounce Religion


You were on level 6 of the Dungeon.
You worshipped Sif Muna.
Sif Muna was pleased with you.
You were very hungry.

You visited 1 branch of the dungeon, and saw 6 of its levels.

You collected 285 gold pieces.

Inventory:

Hand Weapons
 f - a +3 quarterstaff of chaos (weapon)
Missiles
 m - 44 stones (quivered)
Armour
 c - a +1 cloak (worn)
 v - a +1 leather armour of poison resistance (worn)
 w - a +0 pair of gloves (worn)
Jewellery
 j - an uncursed ring of wizardry
 n - an amulet of magic regeneration (around neck)
 q - a +3 ring of evasion (right hand)
 r - a +3 ring of protection
 s - an uncursed ring of protection from magic {unknown}
 z - a cursed ring of teleportation (left hand)
 B - the ring "Luekhlar" {+Blink MP+9}
   (You found it on level 6 of the Dungeon)

   [ring of magical power]

   It affects your magic capacity (+9).
   It lets you blink.
Wands
 e - a wand of random effects (21)
Scrolls
 b - 3 scrolls of teleportation
 h - 2 scrolls of enchant armour
 i - a scroll of immolation
 p - 4 scrolls of identify
Potions
 a - 3 potions of agility {unknown}
 g - 3 potions of heal wounds {unknown}
 k - a potion of lignification
 l - 2 potions of haste
 o - 9 potions of curing
 t - a potion of ambrosia {unknown}
 u - a potion of degeneration {unknown}
 x - a potion of resistance {unknown}
 A - 2 potions of mutation {unknown}
Comestibles
 d - 8 rations


   Skills:
 + Level 1.2 Armour
 - Level 6.0 Dodging
 - Level 2.4 Stealth
 * Level 7.6 Spellcasting
 + Level 6.9 Conjurations
   Level 1.1 Transmutations
 + Level 6.7 Earth Magic
 + Level 1.6 Invocations
 + Level 1.6 Evocations


You had 13 spell levels left.
You knew the following spells:

 Your Spells              Type           Power        Failure   Level  Hunger
a - Stone Arrow           Conj/Erth      #####.       2%          3    None
b - Sandblast             Erth           #####.       1%          1    None
c - Lee's Rapid Deconstr  Erth           #####.....   21%         5    #####..

Your spell library contained the following spells:

 Spells                   Type           Power        Failure   Level  Hunger
 Magic Dart               Conj           ####         1%          1    None
 Searing Ray              Conj           #####.       1%          2    None
 Passwall                 Tmut/Erth      ####....     3%          2    None
 Iskenderun's Mystic Bla  Conj           #####...     7%          4    ###....
 Dazzling Spray           Conj/Hex       ###...       9%          3    None
 Petrify                  Tmut/Erth      ####....     24%         4    ###....
 Force Lance              Conj/Tloc      ###.....     28%         4    ###....
 Fulminant Prism          Conj/Hex       ###.......   28%         4    ###....


Dungeon Overview and Level Annotations

Branches:
Dungeon (6/15)
 Temple: D:4-7

Altars:
Cheibriados
Elyvilon
Fedhas
Gozag
Nemelex Xobeh
Sif Muna

Shops:
D:6 }

Annotations:
D:4 Pikel


Message History

Press: ? - help, Shift-Dir - straight line, f/p - orc warrior
Aim: an orc warrior, wielding a +0 mace and wearing a +0 plate armour (severely wounded)
The blast of sand misses the orc warrior.
m - 44 stones The orc warrior barely misses you.
Casting: Sandblast (safe; 1% risk of failure)
Confirm with . or Enter, or press ? or * to list all spells.
Aiming: Stone Arrow (safe; 2% risk of failure)
Press: ? - help, Shift-Dir - straight line, f/p - orc warrior
Aim: an orc warrior, wielding a +0 mace and wearing a +0 plate armour (severely wounded)
The stone arrow hits the orc warrior.
The orc warrior is severely wounded.
The orc warrior hits you with a +0 mace!
You are feeling very hungry.
You hit the orc warrior but do no damage.
The orc warrior goes berserk!
The orc warrior is severely wounded.
The orc warrior hits you with a +0 mace!!
Ouch! That really hurt!
You die...

.##..# ###..........
## #.. #......... #
#..# #......... #
..## #......... ##
#..## #......o.. .##
#..# #......o.. ..##
#..## #.)#
...#####...## #o)#
#....#......####@.##
##.................#
...................#
........##.........#
....########......##
...## ##..#..# ##.#
#.###.# ### #.# .#
### .#


You could see an orc warrior (berserk).

Vanquished Creatures
  Prince Ribbit (D:5)
  Sigmund (D:3)
  3 slaves (D:4)
  A sky beast (D:5)
  An orc warrior (D:6)
  A phantom (D:5)
  A centaur (D:6)
  Blork the orc (D:4)
  2 scorpions
  A bullfrog zombie (D:5)
  A hound (D:5)
  3 bullfrog skeletons
  7 orc priests
  8 orc wizards
  Crazy Yiuf (D:6)
  Jessica (D:3)
  An iguana (D:4)
  2 worker ants
  A hound zombie (D:6)
  2 worker ant zombies (D:5)
  Robin (D:3)
  4 gnolls (D:3)
  6 adders
  2 oozes
  A worm (D:2)
  3 dart slugs
  4 leopard geckos
  10 orcs
  9 bats
  7 giant cockroaches
  18 goblins
  7 hobgoblins
  8 jackals
  6 kobolds
  A quokka (D:6)
  A frilled lizard (D:1)
  2 leopard gecko skeletons
  3 rats (D:1)
133 creatures vanquished.

Vanquished Creatures (others)
  4 toadstools (D:1)
4 creatures vanquished.

Grand Total: 137 creatures vanquished

Notes
Turn   | Place    | Note
-------+----------+-------------------------------------------
     0 | D:1      | Hasart the Deep Elf Earth Elementalist began the quest for
                  | the Orb.
     0 | D:1      | Reached XP level 1. HP: 10/10 MP: 6/6
   104 | D:1      | Reached XP level 2. HP: 15/15 MP: 4/8
   340 | D:1      | Reached XP level 3. HP: 19/19 MP: 7/10
   345 | D:1      | Learned a level 3 spell: Stone Arrow
  1067 | D:2      | Reached skill level 1 in Conjurations
  1232 | D:2      | Reached XP level 4. HP: 24/24 MP: 7/11
  1377 | D:2      | Found a deep blue altar of Sif Muna.
  1385 | D:2      | Became a worshipper of Sif Muna the Loreminder
  1531 | D:3      | Found a white marble altar of Elyvilon.
  1561 | D:3      | Noticed Sigmund
  1582 | D:3      | Reached skill level 4 in Spellcasting
  1607 | D:3      | Noticed Robin
  1613 | D:3      | Killed Robin
  1778 | D:3      | Reached XP level 5. HP: 28/28 MP: 1/13
  1848 | D:3      | Learned a level 5 spell: Lee's Rapid Deconstruction
  1873 | D:4      | Noticed Pikel
  1873 | D:4      | Noticed a slave
  1874 | D:4      | Noticed a slave
  1875 | D:4      | Noticed a slave
  1875 | D:4      | Noticed a slave
  2043 | D:3      | You fall through a shaft!
  2216 | D:4      | Noticed Blork the orc
  2222 | D:4      | Killed Blork the orc
  2222 | D:4      | Reached XP level 6. HP: 32/32 MP: 6/14
  2293 | D:4      | Killed a slave
  2301 | D:4      | Killed a slave
  2535 | D:4      | Found a snail-covered altar of Cheibriados.
  2730 | D:3      | Reached skill level 5 in Earth Magic
  2995 | D:3      | Killed Sigmund
  2995 | D:3      | Reached * piety under Sif Muna
  2995 | D:3      | Reached skill level 5 in Spellcasting
  3032 | D:3      | Found a blossoming altar of Fedhas.
  3065 | D:3      | Noticed Jessica
  3070 | D:3      | Killed Jessica
  3070 | D:3      | Reached XP level 7. HP: 36/36 MP: 9/16
  3589 | D:4      | Reached skill level 5 in Dodging
  3592 | D:4      | Reached skill level 5 in Conjurations
  3979 | D:4      | Found a sparkling altar of Nemelex Xobeh.
  3980 | D:4      | Found an opulent altar of Gozag.
  4009 | D:5      | Entered Level 5 of the Dungeon
  4132 | D:5      | Reached ** piety under Sif Muna
  4184 | D:5      | Reached skill level 6 in Spellcasting
  4204 | D:5      | Reached XP level 8. HP: 40/41 MP: 5/19
  4301 | D:5      | Noticed Prince Ribbit
  4313 | D:5      | Killed Prince Ribbit
  4911 | D:6      | Reached skill level 7 in Spellcasting
  4921 | D:6      | Reached skill level 1 in Evocations
  5136 | D:6      | Found Kereub's Gadget Boutique.
  5140 | D:6      | Got a bound lapis lazuli ring
  5146 | D:6      | Identified the ring "Luekhlar" {+Blink MP+9} (You found it
                  | on level 6 of the Dungeon)
  5222 | D:6      | Reached skill level 1 in Invocations
  5312 | D:6      | Reached skill level 1 in Armour
  5407 | D:6      | Found a runed translucent door.
  5408 | D:6      | Noticed Crazy Yiuf
  5413 | D:6      | Killed Crazy Yiuf
  5484 | D:6      | Slain by an orc warrior

Skill      XL: |  1  2  3  4  5  6  7  8 |
---------------+-------------------------+-----
Dodging        | 3 4 5 6 |  6.0
Earth Magic    | 4 5 6 |  6.7
Conjurations   | 1 2 3 4 5 6 |  6.9
Spellcasting   | 4 5 6 7 |  7.6
Evocations     | 1 |  1.6
Invocations    | 1 |  1.6
Armour         | 1 |  1.2
Stealth        | |  2.4
Transmutations | |  1.1

Action                   |  1- 3 |  4- 6 |  7- 9 || total
-------------------------+-------+-------+-------++-------
Melee: Unarmed           |     8 |       |       ||     8
       Dagger            |       |    17 |    30 ||    47
       Quarterstaff      |       |       |     1 ||     1
 Cast: Sandblast         |    38 |    60 |    41 ||   139
       Stone Arrow       |    19 |    35 |    64 ||   118
       Lee's Rapid Decon |       |       |     1 ||     1
  Use: Scroll            |       |       |     8 ||     8
  Eat: Chunk             |     2 |     8 |     8 ||    18
Armor: Robe              |     8 |    12 |       ||    20
       Leather armour    |       |       |    13 ||    13
Dodge: Dodged            |    31 |    40 |    68 ||   139
